AoeStats
← KB

Arena

511015163Analyzed
4v4 RM · 5h ago on Oct 3, 2026· 52m 3s· 8 players
Game mode
Random Map
Map size
Large (8 player)
Population
200
Speed
Normal
Resources
Standard
Victory
Conquest
Starting age
Dark Age
Ending age
Imperial Age
RankedLock teamsTeams togetherTeam positionsShared explorationLock speedFull tech treeHidden civsTurbo modeCheats
Victory
Defeat
🇹🇼 Mapuche · Taiwan
1161
+14
🇦🇷 Franks · Argentina
1151
+14
🇹🇼 Khmer · Taiwan
1116
+16
🇷🇺 Mongols · Russia
1078
+17
🇻🇳 Koreans · Vietnam
1145
-17
🇳🇴 Cumans · Norway
1107
-15
🇦🇺 Romans · Australia
1105
-15
🇦🇺 Dravidians · Australia
1085
-14
Globox
8:55 Feudal Age
9:38 Double-Bit Axe
11:01 Horse Collar
12:11 Loom
18:01 Wheelbarrow
21:34 Castle Age
22:32 Hand Cart
22:32 Bow Saw
22:24 Heavy Plow
23:38 Bloodlines
23:41 Scale Barding Armor
23:47 Forging
28:37 Imperial Age
26:15 Gold Mining
27:52 Gold Shaft Mining
29:09 Chain Barding Armor
28:37 Cavalier
30:00 Iron Casting
29:47 Stone Mining
30:11 Paladin
31:09 Town Watch
32:02 Plate Barding Armor
34:00 Blast Furnace
34:44 Conscription
34:36 Fletching
35:12 Ballistics
35:53 Chemistry
34:48 Murder Holes
35:04 Masonry
35:52 Bodkin Arrow
38:01 Pikeman
38:41 Squires
38:27 Arson
38:44 Scale Mail Armor
38:28 Halberdier
39:56 Chain Mail Armor
41:07 Plate Mail Armor
40:44 Light Cavalry
43:54 Hussar
45:31 Steppe Husbandry
46:08 Hoardings
Killed by Tony
10:45 Feudal Age
15:04 Castle Age
13:48 Double-Bit Axe
13:45 Horse Collar
15:43 Loom
23:59 Bow Saw
25:43 Wheelbarrow
26:04 Heavy Plow
30:33 Imperial Age
28:46 Hand Cart
29:03 Ballistics
28:40 Murder Holes
28:41 Fletching
29:01 Gold Mining
29:33 Town Watch
30:03 Forging
29:53 Scale Mail Armor
31:02 Heavy Scorpion
33:35 Chemistry
33:03 Stone Mining
33:46 Siege Engineers
34:27 Ballistas
34:43 Conscription
34:49 Comitatenses
34:47 Capped Ram
37:01 Bodkin Arrow
37:18 Man-at-Arms
37:59 Squires
38:58 Siege Ram
40:49 Siege Ram
40:52 Long Swordsman
40:54 Pikeman
42:25 Chain Mail Armor
42:46 Iron Casting
42:36 Fortified Wall
42:32 Legionary
46:27 Blast Furnace
47:57 Siege Ram
johnnychallitasteam1995
10:54 Feudal Age
15:39 Castle Age
13:42 Double-Bit Axe
23:49 Bow Saw
25:22 Horse Collar
26:02 Gold Mining
27:47 Wheelbarrow
32:07 Imperial Age
30:36 Stone Mining
31:51 Hand Cart
32:02 Padded Archer Armor
31:52 Fletching
33:02 Ballistics
32:22 Elite Elephant Archer
35:02 Chemistry
33:57 Murder Holes
34:00 Bodkin Arrow
34:20 Leather Archer Armor
36:26 Medical Corps
37:32 Wootz Steel
37:21 Thumb Ring
43:31 Bracer
44:01 Ring Archer Armor
49:49 Forging
bthi68153
2:39 Loom
11:03 Feudal Age
17:53 Castle Age
15:48 Horse Collar
16:21 Double-Bit Axe
16:50 Gold Mining
17:51 Stone Mining
18:29 Pikeman
28:48 Heavy Plow
29:00 Bow Saw
28:56 Elite Skirmisher
35:28 Imperial Age
34:00 Scale Mail Armor
35:23 Squires
35:49 Halberdier
39:05 Wheelbarrow
40:15 Heavy Rocket Cart
47:22 Chemistry
獨居老毛
11:30 Feudal Age
15:17 Castle Age
13:56 Double-Bit Axe
23:14 Horse Collar
30:22 Imperial Age
28:29 Wheelbarrow
28:54 Forging
28:47 Scale Mail Armor
29:27 Hand Cart
29:31 Bow Saw
30:35 Iron Casting
32:05 Chemistry
30:30 Onager
31:02 Elite Skirmisher
31:42 Heavy Plow
31:36 Fletching
33:19 Crop Rotation
32:12 Pikeman
32:48 Bodkin Arrow
34:33 Blast Furnace
33:49 Chain Mail Armor
33:19 Treadmill Crane
34:03 Ballistics
34:00 Loom
34:18 Padded Archer Armor
35:26 Malon
35:47 Conscription
36:58 Town Watch
37:44 Plate Mail Armor
37:30 Leather Archer Armor
37:32 Halberdier
41:14 Capped Ram
42:36 Butalmapu
44:50 Ring Archer Armor
KB
10:17 Feudal Age
13:12 Castle Age
30:51 Imperial Age
31:34 Ballistics
31:59 Conscription
32:12 Loom
34:32 Chemistry
33:46 Double Crossbow
35:21 Double-Bit Axe
37:05 Wheelbarrow
35:56 Heavy Scorpion
40:07 Bow Saw
39:51 Gold Mining
43:02 Hand Cart
42:35 Horse Collar
45:27 Town Watch
52:34 Bloodlines
52:25 Husbandry
52:33 Scale Barding Armor
52:38 Forging
PuTao
10:18 Feudal Age
14:46 Castle Age
12:36 Double-Bit Axe
12:33 Horse Collar
27:32 Gold Mining
30:15 Imperial Age
27:32 Loom
28:28 Wheelbarrow
27:53 Fletching
28:03 Padded Archer Armor
28:50 Stone Mining
29:49 Hand Cart
29:35 Bodkin Arrow
29:40 Padded Archer Armor
30:07 Ballistics
31:15 Bloodlines
31:05 Husbandry
31:12 Thumb Ring
31:32 Parthian Tactics
31:31 Conscription
31:09 Elite Mangudai
31:59 Bracer
32:15 Leather Archer Armor
36:19 Hoardings
35:15 Sappers
39:13 Squires
38:33 Pikeman
40:10 Forging
40:01 Scale Mail Armor
43:22 Arson
44:05 Arson
47:09 Arson
YanYan
9:37 Feudal Age
13:21 Castle Age
11:14 Double-Bit Axe
23:34 Gold Mining
25:37 Gold Shaft Mining
25:32 Loom
26:22 Wheelbarrow
26:49 Forging
26:44 Scale Barding Armor
29:23 Imperial Age
27:26 Hand Cart
27:33 Bow Saw
28:22 Iron Casting
28:35 Chain Barding Armor
28:10 Stone Mining
29:02 Husbandry
30:24 Conscription
30:04 Chivalry
29:24 Cavalier
31:16 Blast Furnace
31:30 Plate Barding Armor
30:48 Paladin
32:12 Fletching
33:53 Bodkin Arrow
35:02 Light Cavalry
39:17 Pikeman
39:58 Squires
39:44 Arson
40:00 Scale Mail Armor
40:03 Halberdier
41:51 Chain Mail Armor
44:28 Plate Mail Armor
Connection lost

Rejoining the realm…

Still unreachable

The connection could not be restored.

Session expired

The server has moved on; the page needs a fresh start.